 Dungeon Crawl Stone Soup version 0.17-a0-915-g8914353 (webtiles) character file.

2367555 nubinia the Sorcerer (level 27, 195/195 HPs)
             Began as a High Elf Conjurer on Apr 30, 2015.
             Was an Elder of Ashenzari.
             Escaped with the Orb
             ... and 5 runes on May 4, 2015!
             The game lasted 16:47:50 (114595 turns).

nubinia the Sorcerer (High Elf Conjurer)          Turns: 114595, Time: 16:47:50

Health: 195/195    AC: 23    Str:  9    XL:     27
Magic:  70/70      EV: 40    Int: 26    God:    Ashenzari [****..]
Gold:   4816       SH: 20    Dex: 35    Spells: 20 memorised, 5 levels left

rFire  + + .     SeeInvis +     e - +18 lance "Wyrmbane" {slay drac, +Rage rPois rF+ AC+5} (curse)
rCold  + + +     Clarity  +     a - +4 faerie dragon armour {Regen+ MP+9 Int+3 Dex+4} (curse)
rNeg   + + .     SustAb   .     B - +5 shield of the Prince {+Blink rC+ rCorr Stlth+} (curse)
rPois  +         Gourm    .     k - -2 hat of the Alchemist {rElec rPois rF+ rC+ rN+ MR+ rMut rCorr} (curse)
rElec  +         Spirit   .     h - +2 cloak {MR+} (curse)
rCorr  +         Warding  .     U - +2 pair of gloves {Dex+3} (curse)
rMut   +         Stasis   .     t - +1 pair of boots {run} (curse)
MR     +++++                    d - amulet of regeneration (curse)
Stlth  ++++......               c - ring "Ihea" {+cTele rN+ MR++ MP+9 Int-3} (curse)
                                s - +5 ring of dexterity (curse)

@: quick, almost entirely resistant to hostile enchantments, stealthy
A: repulsion field 1, yellow scales 1, clarity, cold resistance 1, deformed
body, magic resistance 1, robust 1, evolution 1
a: Scrying, Renounce Religion, Evoke Blink, Evoke Berserk Rage, Evoke Teleport
Control
0: Orb of Zot
}: 5/15 runes: decaying, slimy, silver, abyssal, gossamer


You escaped.
You worshipped Ashenzari.
Ashenzari was greatly pleased with you.
You were not hungry.

You visited 12 branches of the dungeon, and saw 63 of its levels.
You visited the Abyss 1 time.
You visited 2 bazaars.
You also visited: Labyrinth, Trove, Sewer, Bailey, Ice Cave and Wizlab.

You collected 10992 gold pieces.
You spent 6176 gold pieces at shops.

Inventory:

Hand weapons
 e - the cursed +18 lance "Wyrmbane" (weapon) {slay drac, +Rage rPois rF+ AC+5}
   (You took it off a deep elf death mage on level 5 of the Vaults)

   It affects your AC (+5).
   It protects you from fire.
   It protects you from poison.
   It lets you go berserk.
   It has a curse placed upon it.
 f - the +10 mace "Pujiopin" {crush, rElec rF+ MP+9 Stlth+}
   (You found it on level 6 of the Pits of Slime)

   It inflicts extra damage upon your enemies.
   It protects you from fire.
   It insulates you from electricity.
   It affects your magic capacity (+9).
   It makes you more stealthy.
 p - a +9 long sword of protection
Armour
 a - the cursed +4 faerie dragon armour (worn) {Regen+ MP+9 Int+3 Dex+4}
   (You took it off the Enchantress on level 5 of the Depths)

   It affects your intelligence (+3).
   It affects your dexterity (+4).
   It affects your magic capacity (+9).
   It increases your rate of regeneration.
   It has a curse placed upon it.
 h - a cursed +2 cloak of magic resistance (worn)
 k - the cursed -2 hat of the Alchemist (worn) {rElec rPois rF+ rC+ rN+ MR+ rMut rCorr}
   (You bought it in a shop in a bazaar)

   It protects you from fire.
   It protects you from cold.
   It insulates you from electricity.
   It protects you from poison.
   It protects you from negative energy.
   It affects your resistance to hostile enchantments.
   It protects you from acid and corrosion.
   It protects you from mutation.
   It has a curse placed upon it.
 t - a cursed +1 pair of boots of running (worn)
 B - the cursed +5 shield of the Prince (worn) {+Blink rC+ rCorr Stlth+}
   (You found it on level 3 of the Crypt)

   It protects you from cold.
   It lets you blink.
   It protects you from acid and corrosion.
   It makes you more stealthy.
   It has a curse placed upon it.
 U - a cursed +2 pair of gloves of dexterity (worn)
Jewellery
 c - the cursed ring "Ihea" (right hand) {+cTele rN+ MR++ MP+9 Int-3}
   (You found it in a treasure trove)

   [ring of teleport control]

   It can be evoked for teleport control.
   It affects your intelligence (-3).
   It protects you from negative energy.
   It affects your resistance to hostile enchantments.
   It affects your magic capacity (+9).
   It has a curse placed upon it.
 d - a cursed amulet of regeneration (around neck)
 s - a cursed +5 ring of dexterity (left hand)
Magical devices
 i - a wand of hasting (6)
 j - a wand of heal wounds (3)
 r - a wand of invisibility (2)
 v - a wand of teleportation (9)
 C - a wand of draining (4)
 K - a wand of teleportation (2)
 S - a wand of digging (3)
 X - a wand of draining (7)
Scrolls
 b - 3 scrolls of fear
 g - 15 scrolls of teleportation
 F - 7 scrolls of blinking
 P - 9 scrolls of magic mapping
 Q - 2 scrolls of holy word
 R - 32 scrolls of identify
 V - 11 scrolls of recharging
 W - 9 scrolls of remove curse
 Z - 2 scrolls of summoning
Potions
 l - a potion of cancellation
 m - 11 potions of heal wounds
 q - 17 potions of curing
 w - 6 potions of magic
 x - 6 potions of resistance
 z - 9 potions of might
 A - 14 potions of haste
 E - 9 potions of agility
 H - 4 potions of invisibility
 M - 2 potions of brilliance
 Y - a potion of cure mutation
Miscellaneous
 n - 3 phantom mirrors
 I - a lamp of fire
 O - a fan of gales
Comestibles
 u - 22 meat rations


   Skills:
 + Level 12.5 Fighting
   Level 3.1(4.1) Short Blades
 + Level 4.2(4.7) Long Blades
 + Level 1.0 Maces & Flails
 + Level 15.4(18.4) Polearms
 - Level 4.0 Throwing
 + Level 7.6 Armour
 + Level 22.2(24.7) Dodging
 + Level 18.1(20.8) Stealth
 + Level 13.0(15.0) Shields
 + Level 24.2 Spellcasting
 + Level 21.7(24.2) Conjurations
 + Level 4.9(8.3) Hexes
 + Level 11.5(14.6) Charms
 - Level 1.9(4.4) Necromancy
 + Level 9.2(12.6) Translocations
 + Level 4.0(7.3) Transmutations
 + Level 11.4(14.6) Fire Magic
 + Level 5.1(8.5) Ice Magic
 + Level 6.9(10.4) Air Magic
 + Level 6.9(10.4) Earth Magic
 - Level 2.2(4.9) Poison Magic
 + Level 6.2(9.7) Evocations


You had 5 spell levels left.
You knew the following spells:

 Your Spells              Type           Power        Failure   Level  Hunger
a - Magic Dart            Conj           ####         0%          1    None
b - Iskenderun's Mystic   Conj           ########     0%          4    None
c - Mephitic Cloud        Conj/Pois/Air  #######.     1%          3    None
d - Iskenderun's Battles  Conj/Chrm      #######.     1%          5    None
e - Poisonous Cloud       Conj/Pois/Air  #######...   1%          6    None
f - Sticky Flame          Conj/Fire      #######.     0%          4    None
g - Shroud of Golubria    Chrm/Tloc      #######...   0%          2    None
h - Freezing Cloud        Conj/Ice/Air   #######...   1%          6    None
i - Gell's Gravitas       Hex/Tloc       ######....   1%          3    None
j - Swiftness             Chrm/Air       #######.     0%          2    None
k - Deflect Missiles      Chrm/Air       #######...   1%          6    None
l - Lee's Rapid Deconstr  Erth           ######....   1%          5    None
m - Bolt of Magma         Conj/Fire/Erth #######...   1%          5    None
n - Blink                 Tloc           N/A          0%          2    None
o - Apportation           Tloc           #######...   0%          1    None
p - Passwall              Trmt/Erth      ######....   1%          3    None
s - Stoneskin             Trmt/Erth      ######..     1%          2    None
F - Flight                Chrm/Air       #######...   1%          3    None
G - Fireball              Conj/Fire      #######...   1%          5    None
S - Animate Skeleton      Necr           N/A          1%          1    None


Dungeon Overview and Level Annotations

Branches:
Dungeon (15/15)            Temple (1/1) D:6            Lair (8/8) D:9
  Swamp (4/4) Lair:4       Spider (4/4) Lair:6        Slime (6/6) Lair:7
    Orc (4/4) D:10            Elf (3/3) Orc:4        Vaults (5/5) D:13
  Crypt (3/3) Vaults:2       Tomb (0/3) Crypt:3      Depths (5/5) D:15
    Zot (5/5) Depths:5

Altars:
Ashenzari
Cheibriados
Dithmenos
Elyvilon
Fedhas
Gozag
Kikubaaqudgha
Makhleb
Nemelex Xobeh
Okawaru
Qazlal
Ru
Sif Muna
Trog
Vehumet
Xom
Yredelemnul
Zin
The Shining One
Beogh
Jiyva

Shops:
D:7 [   Orc:1 *   Orc:4 (=:[*   Elf:1 *   Elf:2 :   Vaults:1 !   Vaults:3 ![(
Depths:4 }[(

Portals:
Hell: Depths:1 Depths:2 Depths:3 Depths:4 Depths:5
Abyss: Depths:1 Depths:4 Depths:5
Pandemonium: Depths:1 Depths:3
Ziggurat: Depths:3

Annotations:
Swamp:4 Mara
Elf:2 1 runed door
Crypt:3 Khufu
Zot:4 1 exclusion


Innate Abilities, Weirdness & Mutations

You are surrounded by a mild repulsion field (EV +2).
You are partially covered in yellow scales (AC +2).
You possess an exceptional clarity of mind.
Your flesh is cold resistant.
Armour fits poorly on your strangely shaped body.
You are resistant to hostile enchantments.
You are robust (+10% HP).
You evolve.


Message History

(V) Vaults (C) Crypt (W) Tomb (U) Depths (H) Hell (Z) Zot
Where to? (Enter - D:2 @ (x,y), ? - help)
You see here a stone.
There is a stone staircase leading up here.
You climb upwards.
You sense a powerful magical force warping space.
There is a stone staircase leading down here.
You see here a +0 hunting sling.
There is an open door here.
There is an open door here.
A giant gecko comes into view.
Attack whom?
Press: ? - help, Dir - move target cursor, f - giant gecko
Aim: a giant gecko (hasn't noticed you)
You reach to attack!
You miss the giant gecko. You puncture the giant gecko!
You kill the giant gecko!
There is a staircase leading out of the dungeon here.
You have escaped!

###########.##########......
####.........#### #......
##...####'####...###......
##.####≈≈≈≈≈≈≈####.###.####
#.## #≈≈...≈≈# ##.##.....
##.# #.......# #.##.....
#.#########'#########.#.....
#.#..#......†....#..#.#.###.
#.'..+.....@.....'..'.#####.
#.#..#...........#..#.##....
#.#########'#########.#####.
##.# #.......# #.## #. #.##
#≈≈...≈≈# ##.# #.
##.####≈≈≈≈≈≈≈####.## ####.
##...#########...## #....
####.........#### #.##.
#####.##### #.###


There were no monsters in sight!

Vanquished Creatures
  7 ancient liches
  Mennas (Vaults:2)
  the Lernaean hydra (Swamp:4)
  Saint Roka (Depths:3)
  A curse toe (Zot:1)
  2 Killer Klowns (Zot:5)
  A caustic shrike (Depths:4)
  Nikola (Swamp:1)
  14 golden dragons
  the Enchantress (Depths:5)
  Xtahua (Vaults:2)
  Jorgrun (Vaults:1)
  2 electric golems (Zot:5)
  16 tentacled monstrosities
  Rupert (Spider:1)
  23 Orb Guardians
  Asterion (Depths:3)
  6 liches
  A quicksilver dragon (Depths:3)
  3 titans
  2 deep elf master archers (Elf:3)
  2 deep elf blademasters (Elf:2)
  An octopode crusher (Depths:3)
  3 tentacled starspawn
  5 shadow dragons
  8 storm dragons
  12 acid blobs
  Kirke (Lair:5)
  11 tengu reavers
  5 sphinxes
  2 thorn hunters (Swamp:3)
  A revenant (Crypt:2)
  Wiglaf (Depths:1)
  8 draconian monks
  The ghost of Armakuni the Markself, a mighty DEBe of Trog (Spider:4)
  Donald (Orc:3)
  2 azure jellies
  10 fire giants
  Maud (Lair:5)
  9 draconian knights
  7 vault wardens
  An iron dragon (Depths:4)
  8 deep elf sorcerers
  5 draconian shifters
  10 frost giants
  6 emperor scorpions
  A balrug (Depths:4)
  Louise (Spider:4)
  A cacodemon (Abyss:2)
  6 draconian zealots
  3 curse skulls
  5 draconian scorchers
  2 ghouls
  7 ghost moths
  5 reapers
  5 draconian annihilators
  5 very ugly things
  4 spriggan defenders
  3 war gargoyles (Vaults:5)
  15 ironheart preservers
  5 draconian callers
  12 deep elf demonologists
  5 green draconians
  16 stone giants
  Nessos (Lair:5)
  12 deep elf annihilators
  2 vampire knights
  A lorocyproca (Depths:1)
  8 black draconians
  8 purple draconians
  4 white draconians
  4 mottled draconians
  6 yellow draconians
  6 red draconians
  2 quicksilver dragon zombies (Crypt:3)
  18 deep elf death magi
  A blizzard demon (Depths:3)
  The ghost of anything the Whirler, a powerful OpHu of Gozag (IceCv)
  Snorg (Lair:4)
  9 eidola
  20 ettins
  9 great orbs of eyes
  22 vault guards
  A mummy priest (Crypt:3)
  2 death oozes
  A minotaur (Lab)
  7 deep elf high priests
  12 fire dragons
  5 death cobs
  18 ice dragons
  20 yaktaur captains
  Fannar (D:11)
  14 entropy weavers
  11 jiangshi
  An entropy weaver (shapeshifter) (Vaults:2)
  A catoblepas (D:15)
  6 spriggan air magi
  Erolcha (D:8)
  3 death knights
  6 centaur warriors
  28 hydras
  4 ghost crabs
  15 ogre magi
  2 salamander stormcallers
  9 alligators
  11 deep troll earth magi
  3 rakshasas
  17 dancing weapons (Elf:2)
  15 tengu warriors
  3 spriggan berserkers
  20 death yaks
  10 deep troll shamans
  3 hell hogs (Abyss:4)
  6 vampire magi
  7 thrashing horrors
  Urug (Orc:1)
  9 soul eaters
  A shock serpent (shapeshifter) (Elf:3)
  6 orc high priests
  Sonja (Orc:2)
  7 spriggans
  8 hell knights
  2 titan skeletons (Crypt:3)
  3 death drakes
  3 sun demons
  14 skeletal warriors
  23 deep elf knights
  8 shadow wraiths
  6 unseen horrors
  A storm dragon skeleton (Vaults:2)
  12 large abominations
  2 fire crabs
  6 iron trolls
  A spatial maelstrom (Abyss:5)
  11 flayed ghosts
  2 spriggan druids (Swamp:4)
  4 harpies (Vaults:3)
  17 swamp dragons
  7 giant orange brains
  An ice statue (IceCv)
  31 deep trolls
  6 starcursed masses
  5 lindwurms (Depths:2)
  5 shambling mangroves
  15 hill giants
  2 shadow dragon zombies (Crypt:3)
  12 deep elf summoners
  23 ironbrand convokers
  17 necromancers
  A mana viper (shapeshifter) (Vaults:1)
  A torturous demonspawn (Depths:1)
  A wolf spider (shapeshifter) (Vaults:5)
  20 orc knights
  11 phantasmal warriors
  3 wolf spider zombies
  15 deep elf conjurers
  A cyclops (shapeshifter) (Elf:2)
  2 frost giant zombies
  7 griffons
  A tengu skeleton (Vaults:2)
  55 ugly things
  25 wolf spiders
  A manticore (D:14)
  4 worldbinders (Abyss:2)
  A draconian zombie (Zot:3)
  2 shining eyes (Slime:6)
  2 harpies (shapeshifter)
  A wizard (Depths:1)
  2 rust devils
  2 orc sorcerers
  A stone giant zombie (Vaults:5)
  21 orb spiders
  7 hornets
  A shadow dragon skeleton (Crypt:3)
  A faun (shapeshifter) (Vaults:2)
  A fire giant zombie (Crypt:3)
  A guardian serpent (Lair:8)
  7 stone giant skeletons
  6 cyclopes
  23 moths of wrath
  2 oklob plants
  7 human skeletons
  3 centaur zombies
  4 sixfirhies
  3 fire giant skeletons
  Joseph (Lair:1)
  A gargoyle (D:15)
  A storm dragon simulacrum (Vaults:2)
  A spiny frog (shapeshifter) (Depths:1)
  5 elephants
  3 spectral swamp worms (Depths:5)
  11 black mambas
  45 yaktaurs
  4 smoke demons
  Psyche (D:8)
  2 torpor snails (Lair:7)
  An eye of devastation (Slime:5)
  2 orange demons
  17 vault sentinels
  11 small abominations
  A hellion (D:13)
  A fire drake (shapeshifter) (Elf:3)
  A yellow draconian zombie (Zot:5)
  7 human zombies
  20 spiny frogs
  5 demonic crawlers
  3 efreet (Zot:1)
  2 kobold demonologists
  A tormentor (D:12)
  9 komodo dragons
  2 ancient zymes (Abyss:2)
  7 tengu conjurers
  3 guardian mummies
  9 fire drakes
  A two-headed ogre (shapeshifter) (Vaults:5)
  2 red devils
  2 hydra zombies (Crypt:3)
  24 blink frogs
  30 jumping spiders
  A shadow dragon simulacrum (Crypt:2)
  18 hellwings
  2 sea snake skeletons
  25 two-headed ogres
  6 giant leeches
  4 trolls
  A wind drake (Zot:2)
  19 deep elf priests
  A wolf spider simulacrum (D:14)
  35 freezing wraiths
  2 wandering mushrooms (Zot:4)
  A blue devil (Depths:3)
  A queen bee (Lair:4)
  A queen bee (shapeshifter) (Vaults:2)
  3 ettin zombies
  6 boulder beetles
  A slime creature (shapeshifter) (Vaults:5)
  14 raiju
  2 ushabtiu (Crypt:3)
  A fire dragon zombie (Crypt:3)
  32 ravens
  10 bog bodies
  A hornet zombie (D:15)
  3 wyverns
  A wind drake (shapeshifter) (Elf:2)
  74 slime creatures
  6 baby alligators
  A stone giant simulacrum (Vaults:5)
  A raiju (shapeshifter) (Depths:3)
  2 vampires
  2 ynoxinuls
  A snapping turtle (shapeshifter) (Vaults:4)
  An ice dragon skeleton (Crypt:3)
  12 wraiths
  70 redbacks
  An elf simulacrum (Vaults:5)
  24 tarantellas
  An alligator skeleton (Crypt:3)
  6 flying skulls (Crypt:1)
  2 spriggans (shapeshifter)
  41 deep elf magi
  10 shadows
  20 trapdoor spiders
  A tarantella (shapeshifter) (Elf:3)
  A black mamba skeleton (Crypt:2)
  6 water elementals
  4 air elementals
  5 neqoxecs
  8 wargs
  2 chaos spawn
  Grum (D:8)
  6 basilisks
  60 yaks
  A death yak simulacrum (IceCv)
  13 hippogriffs
  A golden eye (shapeshifter) (Depths:3)
  8 hungry ghosts
  3 mottled dragons
  6 hogs (Lair:5)
  47 vampire mosquitoes
  19 wolves
  2 spatial vortices (Abyss:1)
  A wolf (shapeshifter) (Vaults:4)
  26 insubstantial wisps
  45 deep elf fighters
  A deep troll zombie (Vaults:5)
  20 swamp worms
  2 human simulacra
  A torturous demonspawn zombie (Crypt:1)
  A merfolk zombie (Crypt:1)
  A spectral spiny frog (Swamp:3)
  A water moccasin (shapeshifter) (Vaults:1)
  25 water moccasins
  13 raven skeletons (Crypt:3)
  A soldier ant (D:11)
  15 porcupines
  A soldier ant (shapeshifter) (D:15)
  41 spiders
  A gelid demonspawn skeleton (Crypt:1)
  22 swamp drakes
  2 nagas (Abyss:2)
  4 eyes of draining
  An alligator simulacrum (Crypt:3)
  4 sky beasts
  14 boggarts
  4 boring beetles
  8 centaurs
  4 black bears
  52 orc warriors
  4 phantoms
  An ettin simulacrum (Vaults:2)
  15 wasps
  An eye of draining (shapeshifter) (Depths:3)
  An ogre (shapeshifter) (Vaults:4)
  A boring beetle (shapeshifter) (D:15)
  21 crocodiles
  17 ice beasts
  A manticore skeleton (Crypt:3)
  53 ogres
  4 necrophages
  A snapping turtle skeleton (Abyss:2)
  A brain worm (shapeshifter) (Vaults:5)
  An elf zombie (Crypt:2)
  27 giant frogs
  11 lost souls
  4 big kobolds
  A salamander skeleton (Crypt:2)
  A spider zombie (Crypt:2)
  2 wyvern zombies
  An earth elemental (Abyss:2)
  A scorpion (D:11)
  3 wyvern skeletons
  A cyclops skeleton (Crypt:1)
  A troll zombie (Crypt:3)
  A vampire bat (D:5)
  3 elf skeletons
  A swamp dragon simulacrum (IceCv)
  14 wights
  26 killer bees (Lair:4)
  A spriggan skeleton (Lab)
  3 troll skeletons (Lab)
  6 electric eels
  6 crimson imps
  5 quasits
  17 jellies
  39 orc wizards
  A giant frog zombie (D:11)
  38 orc priests
  2 basilisk zombies (Crypt:2)
  6 centaur skeletons
  4 hounds
  7 iron imps
  4 draconian simulacra (IceCv)
  4 giant frog skeletons
  7 iguanas
  7 worker ants
  A hell rat (Elf:3)
  A wolf simulacrum (IceCv)
  A polar bear simulacrum (IceCv)
  4 spriggan simulacra (IceCv)
  A naga zombie (Crypt:2)
  41 sheep
  4 troll simulacra (IceCv)
  A killer bee zombie (D:9)
  2 centaur simulacra (IceCv)
  A crocodile skeleton (Crypt:1)
  4 mummies
  64 river rats
  2 gnolls
  4 naga simulacra (IceCv)
  A swamp drake zombie (Crypt:2)
  23 adders
  A scorpion zombie (Crypt:1)
  A steam dragon skeleton (Crypt:1)
  2 ogre simulacra (IceCv)
  11 shadow imps
  15 white imps
  4 ufetubi
  A giant eyeball (shapeshifter) (Vaults:3)
  2 adder skeletons (D:5)
  An adder zombie (D:8)
  An iguana zombie (Crypt:2)
  A worm (D:2)
  3 fire bats (D:5)
  8 giant geckos
  178 orcs
  2 spectral bats (D:5)
  A bat simulacrum (D:5)
  3 bat skeletons (D:5)
  2 bat zombies (D:5)
  9 giant cockroaches
  25 hobgoblins
  16 jackals
  6 quokkas
  8 ball pythons
  28 bats
  5 giant newts
  4 giant spores
  29 goblins
  53 kobolds
  A kobold skeleton (Crypt:3)
  A lurking horror (Abyss:2)
  A quokka skeleton (D:9)
  37 rats
  9 ballistomycetes
  4 crawling corpses (Vaults:2)
  6 fungi
  8 plants
  2 starspawn tentacles
3453 creatures vanquished.

Vanquished Creatures (collateral kills)
  A curse toe (Zot:4)
  A golden dragon (Depths:4)
  3 tentacled monstrosities (Zot:3)
  2 titans (Vaults:5)
  A sphinx (Depths:5)
  2 shadow dragons (Vaults:5)
  4 tengu reavers
  A fire giant (Vaults:5)
  2 frost giants (Depths:4)
  3 iron dragons
  3 vault wardens
  2 ironheart preservers
  A draconian annihilator (Zot:3)
  4 stone giants
  A spriggan defender (Depths:4)
  2 very ugly things
  A green draconian (Zot:2)
  A black draconian (Zot:2)
  A red draconian (Zot:1)
  A purple draconian (Zot:5)
  2 ettins
  7 vault guards
  A great orb of eyes (Depths:5)
  2 yaktaur captains
  A merfolk impaler (Depths:5)
  A deep elf high priest (Vaults:5)
  An ice dragon (Zot:1)
  A deep troll earth mage (Depths:4)
  An ogre mage (Vaults:5)
  A deep troll shaman (Depths:4)
  2 hell knights
  4 deep trolls
  An orc knight (Vaults:5)
  A giant orange brain (Depths:4)
  2 hill giants (Zot:1)
  A deathcap (Zot:4)
  A necromancer (Crypt:3)
  A phantasmal warrior (Vaults:5)
  A wolf spider (Crypt:3)
  2 ironbrand convokers
  A fire giant skeleton (Vaults:5)
  A vault sentinel (Vaults:5)
  An orange demon (Abyss:2)
  2 moths of wrath
  2 spectral swamp worms (Depths:5)
  5 yaktaurs
  An efreet (Zot:1)
  3 jumping spiders
  A two-headed ogre (Vaults:5)
  3 wandering mushrooms (Zot:4)
  A deep elf priest (Vaults:3)
  A raven (Depths:5)
  2 trapdoor spiders (Spider:4)
  A tarantella (Depths:5)
  3 deep elf fighters
  12 redbacks
  3 air elementals (Depths:5)
  A water elemental (Depths:5)
  A swamp drake (Zot:2)
  5 spiders
  2 orc warriors (Vaults:5)
  An ogre (Vaults:5)
  An orc (Vaults:5)
  A fungus (Depths:2)
126 creatures vanquished.

Vanquished Creatures (others)
  Margery (Vaults:2)
  An eldritch tentacle (Zot:5)
  A tengu reaver (Depths:5)
  A fire giant (Vaults:5)
  A draconian knight (Depths:5)
  A draconian zealot (Zot:1)
  A stone giant (Vaults:3)
  A white draconian (Zot:4)
  An alligator (Swamp:1)
  3 wolf spiders
  A deep elf conjurer (Elf:2)
  A moth of wrath (Zot:1)
  An air elemental (Vaults:5)
  A troll (Zot:1)
  4 yaktaurs
  A two-headed ogre (Vaults:2)
  A baby alligator (Swamp:1)
  A raven (Depths:5)
  A redback (Spider:4)
  5 fire elementals
  2 deep elf fighters
  A swamp worm (Swamp:1)
  A water moccasin (Lair:5)
  2 spiders
  An ettin simulacrum (Vaults:2)
  8 lost souls
  A sheep (Vaults:1)
  An ufetubus (Abyss:2)
  A white imp (Abyss:2)
  An orc (D:13)
  A jackal (D:7)
  2 kobolds (Bailey)
  103 eldritch tentacle segments (Zot:5)
  10 fungi
  33 plants
  9 starspawn tentacles
  322 starspawn tentacle segments
528 creatures vanquished.

Grand Total: 4107 creatures vanquished

Notes
Turn   | Place    | Note
--------------------------------------------------------------
     0 | D:1      | nubinia, the High Elf Conjurer, began the quest for the Orb.
     0 | D:1      | Reached XP level 1. HP: 11/11 MP: 4/4
   220 | D:1      | Found a shattered altar of Ashenzari.
   238 | D:1      | Became a worshipper of Ashenzari the Shackled
   391 | D:1      | Reached XP level 2. HP: 17/17 MP: 2/6
   604 | D:1      | Reached skill level 5 in Conjurations
   954 | D:1      | Reached XP level 3. HP: 22/22 MP: 7/7
  1190 | D:1      | Upgraded the game from 0.17-a0-877-ga10078a to 0.17-a0-896-g249456b
  1251 | D:2      | Learned a level 3 spell: Dazzling Spray
  1366 | D:2      | Found a radiant altar of Vehumet.
  1587 | D:2      | Found an ancient bone altar of Kikubaaqudgha.
  1664 | D:2      | Gained mutation: You can translocate small distances at will. [potion of beneficial mutation]
  1826 | D:2      | Found a shimmering altar of Xom.
  1869 | D:2      | Reached XP level 4. HP: 27/27 MP: 1/9
  1940 | D:2      | Learned a level 4 spell: Iskenderun's Mystic Blast
  2844 | D:3      | Reached XP level 5. HP: 32/32 MP: 7/11
  3455 | D:4      | Noticed an ogre
  3466 | D:4      | Killed an ogre
  3466 | D:4      | Reached skill level 6 in Conjurations
  3536 | D:4      | Reached skill level 1 in Short Blades
  3632 | D:4      | Reached XP level 6. HP: 19/37 MP: 13/13
  3935 | D:4      | Noticed a phantom
  3946 | D:4      | Killed a phantom
  4239 | D:5      | Entered Level 5 of the Dungeon
  4246 | D:5      | Learned a level 5 spell: Iskenderun's Battlesphere
  4439 | D:5      | Reached skill level 1 in Charms
  4724 | D:5      | Acquired Ashenzari's first power
  4867 | D:5      | Reached XP level 7. HP: 40/42 MP: 4/15
  5250 | D:5      | Reached skill level 5 in Charms
  5850 | D:6      | Found a staircase to the Ecumenical Temple.
  5960 | D:6      | Found a glowing drain.
  5974 | Sewer    | Entered a sewer
  6012 | Sewer    | Reached skill level 5 in Spellcasting
  6542 | D:6      | Acquired Ashenzari's second power
  6736 | D:6      | Found a shadowy altar of Dithmenos.
  6807 | Temple   | Entered the Ecumenical Temple
  7347 | D:7      | Reached XP level 8. HP: 47/47 MP: 7/17
  7499 | D:7      | Found Hakla's Antique Armour Shop.
  7502 | D:7      | Bought an embroidered robe for 20 gold pieces
  7765 | D:7      | Reached skill level 1 in Fighting
  7869 | D:7      | Found a bloodstained altar of Trog.
  7880 | D:7      | Learned a level 2 spell: Throw Flame
  7988 | D:7      | Reached skill level 7 in Conjurations
  7988 | D:7      | Reached skill level 1 in Fire Magic
  8486 | D:8      | Learned a level 4 spell: Sticky Flame
  8530 | D:8      | Reached XP level 9. HP: 49/53 MP: 6/20
  8553 | D:8      | Reached skill level 1 in Hexes
  8985 | D:8      | Noticed Psyche
  8992 | D:8      | Killed Psyche
  8992 | D:8      | Reached skill level 5 in Stealth
  8992 | D:8      | Reached skill level 8 in Conjurations
  9671 | D:8      | Noticed Erolcha
  9769 | D:8      | Noticed Grum
  9781 | D:8      | Killed Grum
 10679 | D:9      | Reached XP level 10. HP: 60/60 MP: 5/23
 10864 | D:9      | Reached skill level 1 in Throwing
 11115 | D:9      | Reached skill level 9 in Conjurations
 11691 | D:9      | Found a staircase to the Lair.
 11823 | D:9      | Found a blossoming altar of Fedhas.
 11848 | D:9      | Acquired Ashenzari's third power
 11942 | D:8      | Killed Erolcha
 12044 | Lair:1   | Entered Level 1 of the Lair of Beasts
 12363 | Lair:1   | Noticed Joseph
 12372 | Lair:1   | Killed Joseph
 12628 | Lair:1   | Reached skill level 10 in Spellcasting
 12781 | Lair:1   | Noticed a seven-headed hydra
 12785 | Lair:1   | Killed a seven-headed hydra
 12785 | Lair:1   | Reached skill level 10 in Conjurations
 12853 | Lair:1   | Learned a level 5 spell: Fireball
 13455 | Lair:2   | Acquired Ashenzari's fourth power
 13570 | Lair:2   | Reached XP level 11. HP: 64/64 MP: 12/26
 14132 | Lair:2   | Noticed an eight-headed hydra
 14142 | Lair:2   | Killed an eight-headed hydra
 14824 | Lair:2   | Noticed a four-headed hydra
 15043 | Lair:2   | Killed a four-headed hydra
 15043 | Lair:2   | Reached skill level 11 in Spellcasting
 15517 | Lair:3   | Noticed a five-headed hydra
 15745 | Lair:3   | Reached skill level 5 in Throwing
 15751 | Lair:3   | Reached skill level 5 in Dodging
 16312 | Lair:3   | Killed a five-headed hydra
 16468 | Lair:3   | Reached XP level 12. HP: 70/70 MP: 9/28
 18056 | Lair:4   | Reached skill level 12 in Spellcasting
 18556 | Lair:3   | Reached skill level 1 in Evocations
 19121 | Lair:4   | Reached skill level 13 in Spellcasting
 19438 | Lair:4   | Noticed Snorg
 19568 | Lair:4   | Killed Snorg
 19568 | Lair:4   | Reached XP level 13. HP: 76/76 MP: 22/31
 19677 | Lair:4   | Reached skill level 5 in Hexes
 20313 | Lair:4   | Found a staircase to the Swamp.
 21344 | Lair:5   | Noticed Kirke
 21521 | Lair:5   | Noticed Maud
 21521 | Lair:5   | Noticed Nessos
 21573 | Lair:5   | HP: 1/76 [Maud/halberd of venom (28)]
 21576 | Lair:5   | Killed Maud
 22206 | D:10     | Entered Level 10 of the Dungeon
 22234 | D:10     | Learned a level 2 spell: Stoneskin
 22351 | D:10     | Reached skill level 1 in Transmutations
 22352 | D:10     | Reached skill level 14 in Spellcasting
 22495 | D:10     | Found a staircase to the Orcish Mines.
 22910 | D:10     | Learned a level 5 spell: Bolt of Magma
 23973 | D:11     | Noticed Fannar
 23976 | D:11     | Killed Fannar
 23976 | D:11     | Reached skill level 1 in Earth Magic
 24752 | Orc:1    | Entered Level 1 of the Orcish Mines
 24927 | Orc:1    | Noticed Urug
 24932 | Orc:1    | Killed Urug
 25355 | Orc:1    | Found Vecagudgh's Assorted Antiques.
 25370 | Orc:1    | Bought a golden ring for 165 gold pieces
 25370 | Orc:1    | Bought a scroll labeled XOAPRU JOTE for 33 gold pieces
 25612 | Orc:1    | Upgraded the game from 0.17-a0-896-g249456b to 0.17-a0-910-ga669010
 25972 | Orc:2    | Noticed Sonja
 25994 | Orc:2    | Killed Sonja
 25994 | Orc:2    | Reached XP level 14. HP: 81/81 MP: 23/33
 26715 | Orc:3    | Reached skill level 10 in Charms
 27279 | Orc:3    | Found a roughly hewn altar of Beogh.
 27710 | Orc:4    | Entered Level 4 of the Orcish Mines
 27710 | Orc:4    | Noticed Donald
 27730 | Orc:3    | Killed Donald
 28068 | Orc:4    | Found Bul Miex's General Store.
 28076 | Orc:4    | Bought a scroll of remove curse for 39 gold pieces
 28947 | Orc:4    | Found Voepnul's Jewellery Shoppe.
 28947 | Orc:4    | Found Ujabryt's Armour Emporium.
 28954 | Orc:4    | Found Jyux's Book Emporium.
 28956 | Orc:4    | Found Ecvib's Antique Weapon Shoppe.
 28962 | Orc:4    | Bought a book of Air for 560 gold pieces
 28965 | Orc:4    | Learned a level 2 spell: Repel Missiles
 28968 | Orc:4    | Learned a level 2 spell: Swiftness
 28972 | Orc:4    | Learned a level 3 spell: Flight
 28974 | Orc:4    | Bought a runed dagger for 54 gold pieces
 29296 | Orc:4    | Found a staircase to the Elven Halls.
 29659 | Lair:5   | Noticed a sphinx
 29668 | Lair:4   | Reached skill level 15 in Spellcasting
 29824 | Lair:5   | Killed Nessos
 29824 | Lair:5   | Reached skill level 1 in Air Magic
 31124 | Lair:5   | Killed Kirke
 31595 | Lair:6   | Found a hole to the Spider Nest.
 32796 | Lair:7   | Reached skill level 1 in Shields
 32951 | Lair:7   | Found a runed door.
 32953 | Lair:7   | Found a viscous altar of Jiyva.
 32954 | Lair:7   | Noticed an acid blob
 32956 | Lair:7   | Noticed an acid blob
 34177 | Lair:7   | Found a staircase to the Slime Pits.
 34177 | Lair:7   | Noticed an acid blob
 34265 | Lair:8   | Entered Level 8 of the Lair of Beasts
 34268 | Lair:8   | Reached XP level 15. HP: 86/86 MP: 23/35
 34498 | Lair:8   | Learned a level 5 spell: Lee's Rapid Deconstruction
 35153 | Lair:8   | Reached skill level 1 in Long Blades
 35328 | Lair:8   | Reached skill level 15 in Conjurations
 36083 | Lair:8   | Reached skill level 16 in Spellcasting
 36633 | Swamp:1  | Entered Level 1 of the Swamp
 36878 | Swamp:1  | Noticed Nikola
 36885 | Swamp:1  | Noticed a spectral shard shrike
 37703 | Swamp:1  | Reached skill level 5 in Long Blades
 37740 | Swamp:1  | Reached skill level 5 in Fire Magic
 37819 | Swamp:1  | Reduced skill Throwing to level 5
 38194 | Swamp:1  | Killed Nikola
 38495 | Orc:4    | Bought a book of Clouds for 720 gold pieces
 38499 | Orc:4    | Learned a level 3 spell: Mephitic Cloud
 40089 | Swamp:3  | Noticed a thorn hunter
 40101 | Swamp:3  | Killed a thorn hunter
 40101 | Swamp:3  | Reached XP level 16. HP: 94/94 MP: 11/37
 40244 | Swamp:3  | Noticed a thorn hunter
 40247 | Swamp:3  | Killed a thorn hunter
 40742 | Swamp:3  | Identified the +4 chain mail of the Bard {Contam rPois Int+2 SInv} (You took it off a spriggan on level 3 of the Swamp)
 40899 | Swamp:3  | Reached skill level 10 in Stealth
 42257 | Swamp:4  | Entered Level 4 of the Swamp
 42257 | Swamp:4  | Noticed Mara
 42789 | Swamp:4  | Identified the +3 ring mail of the Gate {rN+ MP-9 Dex+6 SInv}
 42830 | Swamp:4  | Reached skill level 17 in Spellcasting
 42841 | Swamp:4  | Reached skill level 5 in Air Magic
 43931 | Swamp:4  | Noticed the 27-headed Lernaean hydra
 44409 | Swamp:4  | Killed the 27-headed Lernaean hydra
 44619 | Swamp:4  | Got a decaying rune of Zot
 44782 | Swamp:4  | Noticed nubinia's illusion
 45331 | Spider:1 | Entered Level 1 of the Spider Nest
 45619 | Spider:1 | Reached XP level 17. HP: 83/101 MP: 0/39
 45621 | Spider:1 | Noticed Rupert
 45788 | Spider:1 | Gained mutation: Your mind is acute. (Int +2) [mutagenic meat]
 45789 | Spider:1 | Gained mutation: Your spells are a little easier to cast, but a little less powerful. [mutagenic meat]
 45790 | Spider:1 | Gained mutation: Armour fits poorly on your strangely shaped body. [mutagenic meat]
 45791 | Spider:1 | Lost mutation: Armour fits poorly on your strangely shaped body. [potion of cure mutation]
 45791 | Spider:1 | Lost mutation: Your mind is acute. (Int +2) [potion of cure mutation]
 45791 | Spider:1 | Lost mutation: Your spells are a little easier to cast, but a little less powerful. [potion of cure mutation]
 45792 | Spider:1 | Gained mutation: Your body sometimes deteriorates upon taking damage. [mutagenic meat]
 45793 | Spider:1 | Gained mutation: You occasionally shout uncontrollably at your foes. [mutagenic meat]
 45794 | Spider:1 | Lost mutation: You occasionally shout uncontrollably at your foes. [potion of cure mutation]
 45794 | Spider:1 | Lost mutation: Your body sometimes deteriorates upon taking damage. [potion of cure mutation]
 45794 | Spider:1 | Lost mutation: You can translocate small distances at will. [potion of cure mutation]
 45807 | Spider:1 | Paralysed by Rupert for 7 turns
 45917 | Spider:1 | Killed Rupert
 48866 | Spider:3 | Reached skill level 5 in Fighting
 49367 | Spider:4 | Entered Level 4 of the Spider Nest
 49453 | Spider:4 | Noticed Louise
 49456 | Spider:4 | Killed Louise
 49473 | Spider:3 | Reached skill level 18 in Spellcasting
 49772 | Spider:4 | Reached skill level 10 in Dodging
 50021 | Spider:4 | Noticed Armakuni's ghost (mighty DEBe)
 50031 | Spider:4 | Killed Armakuni's ghost
 51570 | Spider:4 | Reached XP level 18. HP: 108/108 MP: 11/41
 51702 | Spider:4 | Upgraded the game from 0.17-a0-910-ga669010 to 0.17-a0-913-g36eb389
 51805 | Spider:4 | Got a gossamer rune of Zot
 52259 | D:12     | Found a frozen archway.
 52280 | IceCv    | Entered an ice cave
 52393 | IceCv    | Noticed anything's ghost (powerful OpHu)
 52539 | IceCv    | Killed anything's ghost
 52873 | IceCv    | Found an ancient bone altar of Kikubaaqudgha.
 53262 | IceCv    | Learned a level 6 spell: Freezing Cloud
 54546 | D:13     | Reached skill level 1 in Ice Magic
 54554 | D:13     | Reached skill level 1 in Poison Magic
 54556 | D:13     | Found a flagged portal.
 54571 | D:13     | Found a labyrinth entrance.
 54614 | Lab      | Entered a labyrinth
 54907 | Lab      | Identified the ring "Qolyocaa" {Contam rPois EV+4 Int+2 Stlth+} (You took it off a minotaur in a labyrinth)
 54920 | Lab      | Identified the Guide on Boosts
 54920 | Lab      | Identified a +4 rod of shadows (14/14)
 54929 | Lab      | Identified the +8 hand crossbow of Earthquakes {speed, Int+2} (You found it in a labyrinth)
 54947 | Bailey   | Entered a bailey
 55570 | D:13     | Found a gate to the Vaults.
 56471 | Vaults:1 | Entered Level 1 of the Vaults
 56544 | Vaults:1 | Noticed Jorgrun
 56553 | Vaults:1 | Killed Jorgrun
 56893 | Vaults:1 | Found Nink's Distillery.
 56898 | Vaults:1 | Bought a potion of cure mutation for 595 gold pieces
 56898 | Vaults:1 | Bought a potion of mutation for 42 gold pieces
 56898 | Vaults:1 | Gained mutation: You are occasionally teleported to nearby monsters. [potion of mutation]
 56898 | Vaults:1 | Gained mutation: Your spells are a little easier to cast, but a little less powerful. [potion of mutation]
 56899 | Vaults:1 | Bought a potion of mutation for 42 gold pieces
 56899 | Vaults:1 | Gained mutation: You expend magic power (3 MP) to strengthen your wands. [potion of mutation]
 56899 | Vaults:1 | Gained mutation: Your magical capacity is low (-10% MP). [potion of mutation]
 56899 | Vaults:1 | Gained mutation: Your muscles are strong. (Str +2) [potion of mutation]
 56900 | Vaults:1 | Lost mutation: Your muscles are strong. (Str +2) [potion of cure mutation]
 56900 | Vaults:1 | Lost mutation: You expend magic power (3 MP) to strengthen your wands. [potion of cure mutation]
 56900 | Vaults:1 | Lost mutation: Your magical capacity is low (-10% MP). [potion of cure mutation]
 56900 | Vaults:1 | Lost mutation: Your spells are a little easier to cast, but a little less powerful. [potion of cure mutation]
 56900 | Vaults:1 | Lost mutation: You are occasionally teleported to nearby monsters. [potion of cure mutation]
 57312 | Vaults:1 | Identified a scroll of acquirement
 57581 | Vaults:1 | Reached skill level 1 in Armour
 58591 | Vaults:2 | Noticed Margery
 58602 | Vaults:2 | Killed Margery
 58602 | Vaults:2 | Reached skill level 5 in Armour
 59241 | Vaults:3 | Reached XP level 19. HP: 115/115 MP: 23/42
 59754 | Vaults:3 | Found Tyriun's Weapon Boutique.
 60027 | Vaults:2 | Reached skill level 10 in Long Blades
 60027 | Vaults:2 | Reached skill level 5 in Shields
 60546 | Vaults:2 | Noticed Xtahua
 60563 | Vaults:2 | Killed Xtahua
 61475 | Vaults:2 | Reached skill level 19 in Spellcasting
 62351 | Vaults:2 | Noticed Mennas
 62373 | Vaults:2 | Killed Mennas
 63009 | Vaults:2 | Found a staircase to the Crypt.
 63379 | Vaults:3 | Found Plog's Distillery.
 63492 | Vaults:2 | Gained mutation: You evolve. [potion of mutation]
 63492 | Vaults:2 | Gained mutation: You possess an exceptional clarity of mind. [potion of mutation]
 63492 | Vaults:2 | Gained mutation: Armour fits poorly on your strangely shaped body. [potion of mutation]
 63569 | Vaults:3 | Found Fael's Armour Shop.
 63578 | Vaults:3 | Bought a +0 pair of gloves of dexterity for 184 gold pieces
 63775 | Vaults:3 | Reached XP level 20. HP: 123/123 MP: 4/44
 63849 | Vaults:3 | Gained mutation: Your flesh is cold resistant. [evolution]
 65426 | Vaults:4 | Found a gateway to a bazaar.
 65456 | Bazaar   | Entered a bazaar
 65456 | Bazaar   | Found Maann's Antique Armour Boutique.
 65456 | Bazaar   | Found Agarev's Weapon Boutique.
 65456 | Bazaar   | Found Ogisemum's Antique Armour Shop.
 65456 | Bazaar   | Found Todaux's General Store.
 65456 | Bazaar   | Found Uraweog's Jewellery Boutique.
 65456 | Bazaar   | Found Weze's Weapon Boutique.
 65461 | Bazaar   | Bought a scroll of remove curse for 39 gold pieces
 65469 | Bazaar   | Bought a brightly glowing ring mail for 162 gold pieces
 65469 | Bazaar   | Identified the cursed +0 ring mail of Hooniats {rF+} (You bought it in a shop in a bazaar)
 65469 | Bazaar   | Bought a translucent ring mail for 162 gold pieces
 65469 | Bazaar   | Identified the +0 ring mail of the Morning {MP+9 Int-2 SInv} (You bought it in a shop in a bazaar)
 67365 | Elf:1    | Entered Level 1 of the Elven Halls
 67467 | Elf:1    | Found a magical portal.
 67477 | WizLab   | Entered Wucad Mu's Monastery
 67764 | Elf:1    | Reached XP level 21. HP: 128/131 MP: 36/45
 67814 | Elf:1    | Found Zylimype's Assorted Antiques.
 67820 | Elf:1    | Bought a scroll of enchant weapon for 195 gold pieces
 67832 | Elf:1    | Learned a level 6 spell: Deflect Missiles
 67900 | Elf:1    | Identified Iskenderun's Volume of Combat Magic (You found it on level 1 of the Elven Halls)
 68889 | Elf:2    | Found Bokhar's Book Shop.
 68933 | Elf:2    | Found a portal to a secret trove of treasure.
 69138 | Elf:2    | Found a runed door.
 69163 | Elf:2    | Found a runed door.
 70204 | Elf:3    | Entered Level 3 of the Elven Halls
 70299 | Elf:3    | Reached XP level 22. HP: 136/136 MP: 30/46
 70941 | Elf:3    | Reached skill level 20 in Spellcasting
 71249 | Elf:3    | Identified the cursed +0 shield of the Enchanted Forest {rC+ rN+++ Str-4 Int+2} (You took it off a deep elf mage on level 3 of the Elven Halls)
 71249 | Elf:3    | Identified the cursed +0 dagger "Wiwn" {pain, rElec rF- Dex+5} (You took it off a deep elf mage on level 3 of the Elven Halls)
 71335 | Elf:3    | Identified the +2 robe "Loiriuse" {rN++ rCorr Str-2} (You took it off a deep elf sorcerer on level 3 of the Elven Halls)
 71528 | Elf:2    | Gained mutation: You are surrounded by a mild repulsion field (EV +2). [potion of beneficial mutation]
 72451 | Elf:3    | Identified the cursed +0 robe of the Morning Star {rPois rC+ Regen+ Int+5} (You took it off a deep elf fighter on level 3 of the Elven Halls)
 72595 | Elf:3    | Identified the +1 robe of the Game Afoot {rN+++ rCorr Int+2 Stlth-} (You took it off a deep elf mage on level 3 of the Elven Halls)
 72904 | Elf:3    | Identified the +1 cloak of the Barber Surgeon {-Tele rN+++ Dex-2 SInv}
 72907 | Elf:3    | Identified the +2 pair of boots "Ufurch" {-Cast rCorr Str+6}
 72931 | Elf:3    | Identified Sif Muna's Almanac of Moulding and Toxins
 73015 | Elf:3    | Upgraded the game from 0.17-a0-913-g36eb389 to 0.17-a0-915-g8914353
 73040 | Elf:3    | Identified the +9 mace "Iwukliet" {crush, MR+} (You took it off a deep elf death mage on level 3 of the Elven Halls)
 73191 | Elf:1    | Gained mutation: You are partially covered in yellow scales (AC +2). [evolution]
 73357 | D:12     | Learned a level 6 spell: Poisonous Cloud
 74035 | Crypt:1  | Entered Level 1 of the Crypt
 74237 | Crypt:1  | Reached skill level 15 in Dodging
 74874 | Crypt:1  | Reached skill level 5 in Earth Magic
 76734 | Crypt:3  | Entered Level 3 of the Crypt
 77088 | Crypt:3  | Identified the cursed ring "Nimai" {rPois rC+ MR- Str-2}
 77202 | Crypt:3  | Identified the cursed +0 naga barding "Midet" {-Tele rN+ Regen+}
 77776 | Crypt:3  | Noticed Khufu
 77790 | Crypt:3  | Noticed a greater mummy
 77798 | Crypt:3  | Noticed a greater mummy
 77801 | Crypt:3  | Noticed a greater mummy
 78330 | Crypt:3  | Reached XP level 23. HP: 111/143 MP: 3/48
 78936 | Crypt:3  | Found an ancient bone altar of Kikubaaqudgha.
 79428 | Crypt:3  | Noticed an ancient lich
 79429 | Crypt:3  | Identified the +2 hand axe of Death {speed, rElec rF+ Int+3}
 79525 | Crypt:3  | Identified the ring of Sashequd {SInv Stlth+}
 79525 | Crypt:3  | Identified the +3 battleaxe of Watchfulness {antimagic, Contam *Rage rElec Dex+4}
 79615 | Crypt:3  | Killed an ancient lich
 79877 | Crypt:3  | Reached skill level 21 in Spellcasting
 80517 | Crypt:3  | Found a staircase to the Tomb.
 80977 | Crypt:3  | Identified the +5 shield of the Prince {+Blink rC+ rCorr Stlth+}
 81399 | Vaults:1 | Gained mutation: You are robust (+10% HP). [evolution]
 81509 | D:12     | Learned a level 2 spell: Shroud of Golubria
 82242 | Vaults:2 | Reached skill level 1 in Translocations
 83931 | D:15     | Entered Level 15 of the Dungeon
 84179 | D:15     | Found a staircase to the Depths.
 84719 | D:15     | Found a burning altar of Makhleb.
 84917 | Depths:1 | Entered Level 1 of the Depths
 85484 | Elf:2    | Bought a book of Spatial Translocations for 1170 gold pieces
 85487 | Elf:2    | Learned a level 2 spell: Blink
 86071 | Depths:1 | Found a gateway to Hell.
 86174 | Depths:1 | Noticed Wiglaf
 86182 | Depths:1 | Killed Wiglaf
 86182 | Depths:1 | Reached skill level 5 in Translocations
 86662 | Depths:1 | Reached XP level 24. HP: 165/165 MP: 30/49
 86999 | Depths:1 | Found a one-way gate to the infinite horrors of the Abyss.
 87320 | Depths:1 | Found a one-way gate leading to the halls of Pandemonium.
 87823 | Depths:2 | Learned a level 1 spell: Apportation
 87886 | Depths:2 | Paralysed by a great orb of eyes for 4 turns
 88243 | Depths:2 | Learned a level 1 spell: Animate Skeleton
 89087 | Depths:2 | Identified the +0 battleaxe "Omanuhaw" {drain, rC+ Str+2}
 89244 | Depths:3 | Found a flickering gateway to a bazaar.
 89261 | Bazaar   | Entered a bazaar
 89261 | Bazaar   | Found Cimoc's Armour Shop.
 89261 | Bazaar   | Found Namaboqy's Antique Armour Boutique.
 89261 | Bazaar   | Found Vijorela's Gadget Boutique.
 89261 | Bazaar   | Found Nisem's Armour Boutique.
 89261 | Bazaar   | Found Sogeqain's Armour Shop.
 89273 | Bazaar   | Bought the -2 hat of the Alchemist {rElec rPois rF+ rC+ rN+ MR+ rMut rCorr} for 802 gold pieces
 89277 | Bazaar   | Bought a pair of embroidered boots for 112 gold pieces
 89277 | Bazaar   | Identified a +0 pair of boots of running (You bought it in a shop in a bazaar)
 89277 | Bazaar   | Bought an ichor-stained scale mail for 225 gold pieces
 89277 | Bazaar   | Identified the +1 scale mail of Anaesthesia {Dex+2} (You bought it in a shop in a bazaar)
 89796 | Depths:3 | Noticed Saint Roka
 89971 | Depths:3 | Found a gateway to a ziggurat.
 90038 | Depths:3 | Killed Saint Roka
 90038 | Depths:3 | Reached skill level 15 in Stealth
 90179 | Depths:3 | Noticed Asterion
 90184 | Depths:3 | Killed Asterion
 90487 | Depths:3 | Identified the +11 giant club of Fimbulwinter {holy, rElec Int+5}
 91445 | Depths:4 | Found Tauxue's Weapon Boutique.
 91802 | Depths:4 | Reached skill level 10 in Fire Magic
 92065 | Depths:4 | Identified the ring "Viviato" {rPois MR- Str+4 Int+2 SInv}
 92356 | Depths:4 | Found Gulonum's Gadget Shop.
 92518 | Depths:4 | Reached XP level 25. HP: 163/172 MP: 7/49
 92823 | Depths:4 | Found Bureg's Antique Armour Shop.
 92828 | Depths:4 | Bought a crude cloak for 190 gold pieces
 92828 | Depths:4 | Identified the cursed +0 cloak of Jysuyh {Regen+ Str-5 Int+4 Dex+4} (You bought it in a shop on level 4 of the Depths)
 92828 | Depths:4 | Bought a pair of embroidered gloves for 90 gold pieces
 92828 | Depths:4 | Bought a jet-encrusted chain mail for 190 gold pieces
 92828 | Depths:4 | Identified the +7 chain mail "Xahuf" {Int+3} (You bought it in a shop on level 4 of the Depths)
 93123 | Depths:5 | Entered Level 5 of the Depths
 93208 | Depths:5 | Reached skill level 1 in Necromancy
 93258 | Depths:5 | Learned a level 3 spell: Gell's Gravitas
 93609 | Depths:5 | Noticed the Enchantress
 94032 | Depths:5 | Killed the Enchantress
 94032 | Depths:5 | Identified the +4 faerie dragon armour {Regen+ MP+9 Int+3 Dex+4} (You took it off the Enchantress on level 5 of the Depths)
 94170 | Depths:5 | Your ally Enchantress died
 94356 | Depths:5 | Found a gate to the Realm of Zot.
 94434 | Depths:5 | Reached skill level 22 in Spellcasting
 94958 | Elf:2    | You paid a toll of a +3 ice dragon armour to enter a treasure trove
 94959 | Trove    | Entered a treasure trove
 94965 | Trove    | Identified the cursed ring of Xom's Anger {Ice +Inv rN+}
 94965 | Trove    | Identified the cursed ring "Ihea" {+cTele rN+ MR++ MP+9 Int-3}
 95384 | Vaults:3 | Bought a potion of beneficial mutation for 385 gold pieces
 95384 | Vaults:3 | Gained mutation: You are resistant to hostile enchantments. [potion of beneficial mutation]
 96157 | Lair:7   | Killed an acid blob
 96158 | Lair:7   | Killed an acid blob
 96159 | Lair:7   | Killed an acid blob
 96216 | Slime:1  | Entered Level 1 of the Pits of Slime
 96442 | Slime:3  | Reached skill level 5 in Evocations
 96450 | Slime:4  | Found a viscous altar of Jiyva.
 96736 | Slime:6  | Entered Level 6 of the Pits of Slime
 96917 | Slime:6  | Reached skill level 10 in Fighting
 97107 | Slime:6  | Reached skill level 10 in Shields
 97352 | Slime:6  | Identified the +2 buckler of Fywakh {Contam rC+ Str+4 SInv}
 97427 | Slime:6  | Identified the cursed +1 morningstar of Oqieh {elec, rF+}
 97537 | Slime:6  | Got a slimy rune of Zot
 97917 | Slime:6  | Identified the +10 mace "Pujiopin" {crush, rElec rF+ MP+9 Stlth+}
 97917 | Slime:6  | Identified the +1 robe of the Townfolk {+Blink +Inv rElec Int-3}
 98515 | Vaults:5 | Entered Level 5 of the Vaults
 98538 | Vaults:4 | Reached skill level 1 in Maces & Flails
 98548 | Vaults:4 | Reached skill level 15 in Long Blades
 98737 | Vaults:4 | Reduced skill Hexes to level 5
 98888 | Vaults:4 | Reached XP level 26. HP: 149/181 MP: 50/50
 99667 | Vaults:5 | Reached skill level 1 in Polearms
 99877 | Vaults:5 | Identified the amulet of Piajurol {rMut Str+6} (You took it off an ironheart preserver on level 5 of the Vaults)
 99921 | Vaults:5 | Reduced skill Maces & Flails to level 1
 99929 | Vaults:5 | Identified Sif Muna's Tome of Lightness
 99936 | Vaults:5 | Identified the cursed +0 rapier "Nosa Uck" {pierce, rPois MR- Str+4}
 99936 | Vaults:5 | Identified the cursed +1 chain mail "Kacsyn" {+Inv SInv}
 99947 | Vaults:5 | Got a silver rune of Zot
100122 | Vaults:5 | Identified the +11 mace "Hyapiawn" {flame, Noisy MR+++ MP+9 Int-3} (You took it off a deep elf knight on level 5 of the Vaults)
100205 | Vaults:5 | Reached skill level 5 in Polearms
101142 | Vaults:5 | Reduced skill Charms to level 10
103643 | D:12     | Identified the cursed +1 mace of Menlyt {venom, rElec rPois rC+ Str-2} (You took it off a yaktaur on level 5 of the Vaults)
103643 | D:12     | Identified the +5 spear of Midsummer {pain, MR++ Str+3} (You took it off a vault warden on level 5 of the Vaults)
103857 | Zot:1    | Entered Level 1 of the Realm of Zot
105275 | Zot:1    | Reached XP level 27. HP: 184/188 MP: 12/50
105313 | Zot:1    | Reduced skill Air Magic to level 5
105817 | Zot:1    | Reached skill level 10 in Polearms
105817 | Zot:1    | Reached skill level 23 in Spellcasting
108731 | Zot:4    | Noticed an orb of fire
109422 | D:12     | Learned a level 3 spell: Passwall
109566 | Depths:1 | Voluntarily entered the Abyss.
109590 | Abyss:1  | Found a corrupted altar of Lugonu.
110051 | Abyss:2  | Reduced skill Long Blades to level 10
110926 | Abyss:5  | Entered Level 5 of the Abyss
110945 | Abyss:5  | Got an abyssal rune of Zot
110966 | Abyss:5  | Found a corrupted altar of Lugonu.
111019 | Abyss:5  | Found a corrupted altar of Lugonu.
111108 | Abyss:5  | Found a corrupted altar of Lugonu.
111165 | Abyss:5  | Found a corrupted altar of Lugonu.
111210 | Depths:1 | Escaped the Abyss
111540 | Zot:5    | Entered Level 5 of the Realm of Zot
111605 | Zot:4    | Found a shimmering altar of Xom.
112132 | Zot:5    | Noticed an ancient lich
112136 | Zot:5    | Killed an ancient lich
112136 | Zot:5    | Reduced skill Long Blades to level 5
112136 | Zot:5    | Reached skill level 15 in Polearms
112143 | Zot:5    | Noticed an ancient lich
112155 | Zot:5    | Killed an ancient lich
112449 | Zot:5    | Noticed an ancient lich
112461 | Zot:5    | Killed an ancient lich
112569 | Zot:5    | Noticed an ancient lich
112581 | Zot:5    | Killed an ancient lich
112600 | Zot:5    | Noticed an ancient lich
112736 | Zot:5    | Killed an ancient lich
113300 | Zot:5    | Reached skill level 24 in Spellcasting
113300 | Zot:5    | Reached skill level 5 in Ice Magic
113485 | Zot:5    | Noticed an ancient lich
113493 | Zot:5    | Killed an ancient lich
113873 | Zot:5    | Got the Orb of Zot
114595 | D:$      | Escaped with the Orb!

Action                   |  1- 3 |  4- 6 |  7- 9 | 10-12 | 13-15 | 16-18 | 19-21 | 22-24 | 25-27 || total
-------------------------+-------+-------+-------+-------+-------+-------+-------+-------+-------++-------
Melee: Mace              |     7 |       |       |       |       |       |       |       |       ||     7
       Short sword       |    20 |    66 |    90 |       |       |       |       |       |       ||   176
       Long sword        |       |       |       |       |   161 |   926 |   956 |  1891 |  1101 ||  5035
       Lance             |       |       |       |       |       |       |       |       |  1950 ||  1950
 Fire: Blowgun           |       |       |    18 |   178 |    53 |       |       |       |       ||   249
Throw: Tomahawk          |       |       |       |       |       |     1 |     2 |       |       ||     3
 Cast: Magic Dart        |    66 |   129 |   180 |   315 |   829 |   500 |   206 |   336 |   164 ||  2725
       Dazzling Spray    |     1 |     6 |    38 |   138 |   193 |   127 |    31 |    11 |       ||   545
       Iskenderun's Myst |       |       |     3 |       |    48 |    74 |    47 |   100 |   140 ||   412
       Iskenderun's Batt |       |       |    17 |    69 |   251 |   178 |    77 |   162 |   112 ||   866
       Throw Flame       |       |       |     2 |     1 |       |    13 |       |       |       ||    16
       Sticky Flame      |       |       |       |     8 |    44 |    69 |    50 |   128 |    84 ||   383
       Fireball          |       |       |       |     5 |    74 |   110 |    83 |   235 |   118 ||   625
       Stoneskin         |       |       |       |       |    16 |    25 |     8 |    23 |    26 ||    98
       Repel Missiles    |       |       |       |       |     2 |     2 |       |       |       ||     4
       Flight            |       |       |       |       |    23 |    35 |       |     6 |    12 ||    76
       Mephitic Cloud    |       |       |       |       |     1 |    91 |    93 |    76 |    60 ||   321
       Swiftness         |       |       |       |       |     1 |     1 |     1 |     3 |       ||     6
       Bolt of Magma     |       |       |       |       |       |    26 |    30 |    75 |    45 ||   176
       Lee's Rapid Decon |       |       |       |       |       |     2 |    13 |    58 |    48 ||   121
       Freezing Cloud    |       |       |       |       |       |     5 |     5 |     5 |    71 ||    86
       Deflect Missiles  |       |       |       |       |       |       |     1 |     4 |     7 ||    12
       Shroud of Golubri |       |       |       |       |       |       |       |    16 |    33 ||    49
       Animate Skeleton  |       |       |       |       |       |       |       |    14 |   174 ||   188
       Poisonous Cloud   |       |       |       |       |       |       |       |       |     5 ||     5
       Apportation       |       |       |       |       |       |       |       |       |     6 ||     6
       Blink             |       |       |       |       |       |       |       |       |     1 ||     1
       Gell's Gravitas   |       |       |       |       |       |       |       |       |     5 ||     5
       Passwall          |       |       |       |       |       |       |       |       |     4 ||     4
Invok: Transfer Knowledg |       |       |       |       |     1 |       |       |       |     7 ||     8
       Scrying           |       |       |       |       |       |       |       |     1 |     1 ||     2
 Abil: Blink             |       |       |       |       |       |     2 |       |       |       ||     2
       Evoke Blink       |       |       |       |       |       |       |       |     1 |     3 ||     4
Evoke: Wand              |       |       |       |       |     4 |    18 |     5 |    10 |     3 ||    40
       Lamp of fire      |       |       |       |       |       |       |       |     4 |     1 ||     5
       Phantom mirror    |       |       |       |       |       |       |       |     1 |       ||     1
       Fan of gales      |       |       |       |       |       |       |       |       |     1 ||     1
  Use: Scroll            |     3 |    11 |    12 |    10 |    20 |    30 |    13 |    18 |    24 ||   141
       Potion            |     1 |     1 |     5 |     1 |     3 |     7 |     2 |     4 |     8 ||    32
 Stab: Sleeping          |     2 |     1 |     5 |    32 |    10 |    33 |    12 |    39 |    30 ||   164
       Invisible         |       |       |     4 |     8 |     7 |    27 |     3 |    13 |       ||    62
       Distracted        |       |       |     1 |     9 |       |     3 |     2 |    10 |    85 ||   110
       Confused          |       |       |       |       |       |    84 |   120 |   151 |    72 ||   427
  Eat: Chunk             |     3 |    10 |    19 |    35 |    64 |    45 |    38 |    60 |    48 ||   322
       Beef jerky        |       |       |     1 |       |     2 |       |       |     1 |     2 ||     6
       Pizza             |       |       |     1 |     2 |     2 |       |       |       |     1 ||     6
       Fruit             |       |       |       |       |     2 |    10 |     1 |    14 |    11 ||    38
       Meat ration       |       |       |       |       |     1 |     2 |       |       |     1 ||     4
       Bread ration      |       |       |       |       |       |     2 |       |     1 |     4 ||     7
       Royal jelly       |       |       |       |       |       |     1 |       |     1 |       ||     2
